 Dungeon Crawl Stone Soup version 0.29.1-1-gd02db6906a (webtiles) character file.

Game seed: 6362810883398129286

21 vvl the Stinger (level 2, 0/20 HPs)
             Began as a Demonspawn Venom Mage on Sept 20, 2022.
             Succumbed to an adder's poison
             ... on level 2 of the Dungeon.
             The game lasted 00:02:48 (1381 turns).

vvl the Stinger (Demonspawn Venom Mage)             Turns: 1381, Time: 00:02:48

Health: 0/20       AC:  8    Str:  8    XL:     2   Next: 62%
Magic:  5/5        EV: 10    Int: 16    God:
Gold:   12         SH:  0    Dex: 13    Spells: 4/5 levels left

rFire   . . .      SeeInvis .   h - +0 hand axe
rCold   . . .      Faith    .   (no shield)
rNeg    . . .      Spirit   .   g - +0 ring mail
rPois   .          Reflect  .   c - +0 helmet
rElec   .          Harm     .   (no cloak)
rCorr   .          Rampage  .   f - +1 pair of gloves
Will    .....                   (no boots)
Stlth   +.........              (no amulet)
HPRegen 0.06/turn               (no ring)
MPRegen 0.09/turn               (no ring)

@: lethally poisoned (0 -> -11)
A: hooves 1
a: no special abilities


You were on level 2 of the Dungeon.
You visited 1 branch of the dungeon, and saw 2 of its levels.

You collected 12 gold pieces.

Inventory:

Hand Weapons
 h - a +0 hand axe (weapon)
Armour
 c - a +0 helmet (worn)
 f - a +1 pair of gloves (worn)
 g - a +0 ring mail (worn)
Scrolls
 a - a scroll of enchant weapon {unknown}
 d - a scroll of noise {unknown}
 e - a scroll of immolation {unknown}
Potions
 b - a potion of magic


   Skills:
 + Level 0.5 Fighting
 + Level 0.5 Armour
 + Level 1.9 Dodging
 - Level 2.0 Stealth
 + Level 2.2 Spellcasting
 + Level 1.1 Transmutations
 + Level 3.1 Poison Magic


You had 4 spell levels left.
You knew the following spells:

 Your Spells              Type           Power      Damage    Failure   Level
a - Sting                 Tmut/Pois      32%        1d4       26%         1

Your spell library contained the following spells:

 Spells                   Type           Power      Damage    Failure   Level
 Poisonous Vapours        Pois/Air       12%        N/A       45%         2
 Freeze                   Ice            4%         1d3       54%         1
 Mephitic Cloud           Conj/Pois/Air  5%         N/A       77%         3
 Olgreb's Toxic Radiance  Pois           11%        N/A       86%         4
 Frozen Ramparts          Ice            2%         1d1       88%         3
 Hailstorm                Conj/Ice       1%         3d3       99%         4


Dungeon Overview and Level Annotations

Branches:
Dungeon (2/15)

Altars:


Innate Abilities, Weirdness & Mutations

You have large cloven feet.


Message History

The helpless adder fails to defend itself.
You hit the adder. Your kick misses the adder.
The adder is heavily wounded.
You closely miss the adder. The adder misses you.
The adder bites you but does no damage.
You barely miss the adder.
The adder is heavily wounded.
You hit the adder. The adder bites you but does no damage.
The adder closely misses you. The adder bites you.
You are poisoned.
The adder poisons you! The adder bites you but does no damage.
You barely miss the adder.
The adder is heavily wounded.
You barely miss the adder.
You feel sick. The adder bites you but does no damage. The adder misses you.
The adder barely misses you. The adder bites you but does no damage.
You barely miss the adder.
The adder is heavily wounded.
You hit the adder but do no damage.
You feel sick. The adder barely misses you. The adder bites you.
You miss the adder. Your kick misses the adder.
The adder is heavily wounded.
You miss the adder.
You feel sick. The adder bites you. x2
You are lethally poisoned!
The adder poisons you! The adder bites you but does no damage.
The adder bites you.
* * * LOW HITPOINT WARNING * * *
You completely miss the adder. Your kick misses the adder.
The adder is lightly wounded.
You closely miss the adder.
* * * LOW HITPOINT WARNING * * *
You feel sick. The adder misses you. The adder barely misses you. x2
The adder bites you.
* * * LOW HITPOINT WARNING * * *
You are more poisoned.
The adder poisons you!
You hit the adder but do no damage. You kick the adder.
The adder is moderately wounded.
You closely miss the adder.
You die...

...#
#.. #..
#.. #.#
# #.#
#.#S#
#.S@#
#.#.# #
...
.....
###.##.
#.# .#
#.# #
#.#


You could see 2 adders.

Vanquished Creatures
  2 dart slugs (D:1)
  2 ball pythons (D:1)
  3 bats (D:1)
  A goblin (D:1)
  3 hobgoblins (D:1)
  A kobold (D:1)
  3 frilled lizards (D:1)
15 creatures vanquished.

Notes
Turn   | Place    | Note
-------+----------+-------------------------------------------
     0 | D:1      | vvl the Demonspawn Venom Mage began the quest for the Orb.
     0 | D:1      | Reached XP level 1. HP: 13/13 MP: 3/3
   311 | D:1      | Reached skill level 1 in Transmutations
   395 | D:1      | Found a faded altar of an unknown god.
   415 | D:1      | Discovered your monstrous ancestry.
   415 | D:1      | Gained mutation: You have large cloven feet. [demonic
                  | ancestry]
   415 | D:1      | Reached XP level 2. HP: 8/19 MP: 1/5
  1381 | D:2      | Succumbed to an adder's poison

Illustrated notes

Levels and vault maps discovered:
D:1:      minmay_arrival_up_and_down, layout_loops_ring,
          dreamdust_ecumenical_altar_statues
D:2:      layout_loops_ring, minmay_goblin_outpost, uniq_natasha

Skill      XL: |  1  2 |
---------------+-------+-----
Transmutations | 1 |  1.1
Stealth        | 2 |  2.0
Fighting       | |  0.5
Armour         | |  0.5
Dodging        | |  1.9
Spellcasting   | |  2.2
Poison Magic   | |  3.1

Action                   || total
-------------------------++-------
Melee: Unarmed           ||    37
       Punch             ||     1
       Hand axe          ||    19
       Kick              ||     5
 Cast: Sting             ||    19
 Stab: Sleeping          ||     1
Armor: Robe              ||    27
       Ring mail         ||    13
Dodge: Dodged            ||    52
